AoeStats
← NuMa | Gacha

Arena

506745970Analyzed
4v4 RM · 19d ago on Sep 14, 2026· 48m 39s· 8 players
Game mode
Random Map
Map size
Large (8 player)
Population
200
Speed
Normal
Resources
Standard
Victory
Conquest
Starting age
Dark Age
Ending age
Imperial Age
RankedLock teamsTeams togetherTeam positionsShared explorationLock speedFull tech treeHidden civsTurbo modeCheats
Victory
Defeat
🇨🇱 Wei · Chile
1323
+14
🇲🇽 Portuguese · Mexico
1304
+15
🇨🇱 Khmer · Chile
1285
+16
🇨🇱 Bohemians · Chile
1205
+19
🇨🇴 Khmer · Colombia
1387
-21
🇨🇴 Mongols · Colombia
1353
-19
🇨🇴 Bohemians · Colombia
1260
-15
🇨🇴 Italians · Colombia
1104
-9
TILIN2.0
9:34 Feudal Age
13:38 Castle Age
12:03 Double-Bit Axe
14:43 Bow Saw
19:27 Fletching
21:27 Bodkin Arrow
23:02 Horse Collar
24:52 Loom
30:27 Imperial Age
31:43 Wheelbarrow
31:18 Bracer
31:59 Drill
32:01 Conscription
31:41 Onager
33:37 Scale Mail Armor
33:47 Forging
34:07 Pikeman
34:50 Squires
35:07 Chain Mail Armor
35:05 Heavy Plow
36:31 Iron Casting
37:55 Chemistry
38:25 Ballistics
38:12 Siege Engineers
41:46 Fortified Wall
42:05 Siege Onager
NuMa | Ezio
9:57 Feudal Age
13:33 Castle Age
12:22 Double-Bit Axe
12:19 Horse Collar
15:10 Bow Saw
21:13 Heavy Plow
22:58 Wheelbarrow
22:22 Loom
23:25 Gold Mining
23:27 Stone Mining
23:30 Town Watch
25:11 Hand Cart
25:51 Stone Shaft Mining
29:01 Imperial Age
27:16 Fletching
28:17 Bodkin Arrow
28:45 Ballistics
29:06 Gold Shaft Mining
28:38 Tusk Swords
29:58 Padded Archer Armor
31:01 Chemistry
30:33 Double Crossbow
30:59 Bloodlines
30:49 Husbandry
31:44 Conscription
31:30 Elite Ballista Elephant
32:20 Bracer
34:37 Crop Rotation
35:16 Murder Holes
37:17 Light Cavalry
40:13 Hussar
43:17 Scale Mail Armor
43:27 Forging
43:18 Pikeman
44:15 Chain Mail Armor
44:02 Halberdier
46:18 Iron Casting
48:00 Blast Furnace
NuMa | Jomaro
11:05 Feudal Age
16:29 Castle Age
18:35 Double-Bit Axe
23:35 Loom
24:53 Masonry
31:47 Fletching
37:04 Bow Saw
38:46 Wheelbarrow
41:53 Imperial Age
39:25 Pikeman
40:07 Squires
41:20 Fortified Wall
42:31 Halberdier
43:17 Scale Mail Armor
43:30 Forging
44:41 Chain Mail Armor
44:59 Hand Cart
45:55 Plate Mail Armor
46:01 Iron Casting
49:31 Blast Furnace
NuMa | Gacha
11:27 Feudal Age
15:35 Castle Age
13:50 Double-Bit Axe
14:02 Stone Mining
14:53 Gold Mining
17:49 Bow Saw
20:05 Loom
24:20 Fletching
24:50 Padded Archer Armor
27:59 Wheelbarrow
27:12 Horse Collar
31:43 Imperial Age
29:48 Leather Archer Armor
29:49 Bodkin Arrow
31:26 Hand Cart
32:09 Ballistics
31:50 Town Watch
33:30 Chemistry
33:00 Town Patrol
33:28 Conscription
33:50 Elite Genoese Crossbowman
Youtube Nimro7
9:56 Feudal Age
14:40 Castle Age
13:24 Double-Bit Axe
13:55 Horse Collar
14:46 Loom
15:52 Wheelbarrow
22:17 Bow Saw
22:52 Heavy Plow
22:58 Gold Mining
23:02 Stone Mining
25:13 Hand Cart
29:18 Imperial Age
27:50 Fletching
28:15 Forging
28:12 Scale Barding Armor
30:10 Iron Casting
29:38 Town Watch
30:30 Bloodlines
30:20 Husbandry
31:09 Gold Shaft Mining
31:38 Conscription
31:47 Chain Barding Armor
31:46 Fortified Wall
33:04 Blast Furnace
32:56 Ming Guang Armor
32:25 Elite Tiger Cavalry
33:48 Stone Shaft Mining
34:36 Crop Rotation
35:29 Chemistry
34:10 Treadmill Crane
34:26 Murder Holes
34:42 Masonry
34:46 Bodkin Arrow
39:02 Caravan
40:41 Tuntian
[CDM] Lam
10:35 Feudal Age
14:47 Castle Age
14:05 Double-Bit Axe
14:02 Horse Collar
15:51 Loom
16:44 Wheelbarrow
16:38 Fervor
20:19 Loom
23:52 Scale Mail Armor
24:48 Hand Cart
29:20 Imperial Age
28:27 Chemistry
28:17 Bow Saw
28:17 Town Watch
29:13 Padded Archer Armor
29:05 Fletching
28:37 Elite Skirmisher
29:55 Heavy Plow
31:26 Two-Man Saw
32:06 Conscription
32:41 Leather Archer Armor
32:22 Bodkin Arrow
34:17 Ring Archer Armor
33:48 Bracer
34:11 Ballistics
34:18 Chain Mail Armor
38:00 Plate Mail Armor
37:20 Houfnice
40:00 Forging
39:56 Scale Barding Armor
Ars Radiophonik
10:42 Feudal Age
15:40 Castle Age
14:34 Double-Bit Axe
14:36 Horse Collar
16:41 Wheelbarrow
17:07 Heavy Plow
17:27 Bow Saw
17:06 Loom
23:33 Fletching
24:42 Gold Mining
26:00 Town Watch
26:20 Padded Archer Armor
26:16 Bodkin Arrow
27:33 Hand Cart
28:45 Fortified Wall
31:27 Imperial Age
29:19 Leather Archer Armor
28:37 Crossbowman
32:42 Ring Archer Armor
35:15 Ballistics
35:49 Thumb Ring
36:25 Arbalester
37:32 Bracer
39:15 Chemistry
39:30 Conscription
41:34 Masonry
-DOKO-
10:48 Feudal Age
14:29 Castle Age
12:27 Double-Bit Axe
13:13 Horse Collar
15:41 Bow Saw
21:38 Wheelbarrow
21:27 Heavy Plow
28:39 Imperial Age
25:56 Loom
27:23 Town Watch
27:45 Scale Barding Armor
27:52 Forging
28:59 Bloodlines
28:50 Husbandry
29:11 Chain Barding Armor
28:52 Elite Battle Elephant
29:55 Conscription
30:28 Tusk Swords
32:26 Plate Barding Armor
32:33 Iron Casting
33:36 Fletching
33:43 Gold Mining
37:34 Blast Furnace
39:21 Light Cavalry
47:55 Crop Rotation
Connection lost

Rejoining the realm…

Still unreachable

The connection could not be restored.

Session expired

The server has moved on; the page needs a fresh start.